Map: Dusk Towers

Players

capac - Winner!

  • Race: Terran Terran
  • League: Gold

grzegrz

  • Race: Terran Terran

VOD

Have the link to the VOD?

Description

Time

  • Played on: April 1, 2016, 2:09 p.m.
  • Length: 11:53
Show
View Real Time Build Order
Export as new Build Order

capac Terran - Winner!

Build Orders: MMM Bio 

Get SALT Encoding   

  12  0:01  SCV  
  13  0:13  SCV  
  14  0:18  Supply Depot  
  14  0:25  SCV  
  15  0:40  SCV  
  15  0:42  Barracks  
  16  0:44  Refinery  
  16  0:52  SCV  
  17  1:04  SCV  
  18  1:16  SCV  
  19  1:28  SCV  
  19  1:31  Reaper  
  21  1:38  Command Center  
  21  1:43  Orbital Command  
  21  1:51  Supply Depot  
  21  2:07  Marine  
  22  2:15  Factory  
  22  2:16  SCV  
  22  2:17  Refinery  
  23  2:26  Barracks Reactor  
  23  2:29  Barracks  
  23  2:31  SCV  
  24  2:59  SCV  
  24  3:05  Marine x2  
  27  3:15  SCV  
  27  3:16  Orbital Command  
  27  3:18  Barracks Tech Lab  
  27  3:19  Factory Tech Lab  
  28  3:22  Starport  
  28  3:24  Engineering Bay  
  28  3:31  Marine x2  
  28  3:33  SCV  
  31  3:39  Siege Tank  
  34  3:44  SCV  
  34  3:46  SCV  
  36  3:50  Marine x2  
  36  3:51  Marine  
  36  3:53  Stimpack  
  39  4:01  SCV x2  
  39  4:02  Missile Turret  
  41  4:07  Starport Reactor  
  41  4:13  SCV x2  
  43  4:20  Supply Depot  
  43  4:25  SCV x2  
  43  4:26  Marine  
  46  4:36  Missile Turret  
  46  4:41  Marine x2  
  46  4:42  Supply Depot, SCV x2  
  46  4:44  Medivac x2  
  54  4:54  Refinery  
  54  4:55  Refinery  
  54  4:57  Missile Turret  
  54  5:04  SCV x2  
  54  5:06  Supply Depot  
  56  5:08  Siege Tank  
  56  5:13  Terran Infantry Weapons Level 1, Supply Depot  
  59  5:19  Marine x3  
  62  5:31  Viking  
  62  5:33  Viking  
  66  5:37  Marine x2  
  66  5:38  Marine  
  66  5:41  SCV  
  66  5:42  SCV  
  71  5:52  Supply Depot x2  
  71  5:54  Marine, SCV x2  
  71  5:55  Marine  
  65  6:25  Medivac x2  
  66  6:28  Siege Tank  
  66  6:29  Marine x2  
  70  6:35  Command Center  
  70  6:38  Supply Depot  
  68  6:40  Supply Depot  
  68  6:52  Combat Shields  
  68  6:54  Barracks, Marine x3  
  68  6:57  Barracks  
  71  7:07  Liberator x2  
  71  7:18  Marine  
  71  7:19  Marine x2  
  74  7:25  Siege Tank  
  74  7:26  SCV x2  
  85  7:31  Supply Depot  
  85  7:36  Marine  
  86  7:38  SCV  
  86  7:42  Barracks Reactor  
  86  7:44  Barracks Reactor  
  75  8:50  Marine  
  75  8:51  Marine x2  
  75  8:52  Marine x3  
  75  8:53  Marine  
  75  8:55  Siege Tank  
  85  9:08  Marine  
  84  9:13  Marine x2  
  84  9:14  Marine x3  
  84  9:16  Marine  
  90  9:27  Siege Tank  
  93  9:35  Marine  
  93  9:36  Marine x5  
  93  9:37  Marine  
  93  9:38  Orbital Command  
  100  9:39  Supply Depot  
  100  9:46  Orbital Command  
  100  9:55  Marine x3  
  103  10:00  Refinery  
  103  10:04  Refinery  
  103  10:14  Orbital Command  
  103  10:16  Supply Depot, Armory  
  103  10:41  SCV x2  
  105  10:44  Liberator x2, SCV  
  106  10:52  Marine x4  
  106  10:53  Marine x3, SCV x2  
  106  10:56  SCV  
  122  11:21  Marine  
  122  11:22  Marine x5  
  122  11:23  Marine  
  122  11:24  SCV  
  122  11:25  SCV  
  131  11:26  SCV  
  131  11:30  Supply Depot  
  131  11:32  Barracks  
  132  11:38  Starport  
  135  11:40  Supply Depot  
Show
View Real Time Build Order
Export as new Build Order

grzegrz Terran 

Build Orders: MMM Bio 

Get SALT Encoding   

  12  0:01  SCV  
  14  0:21  SCV  
  14  0:28  Supply Depot  
  14  0:33  SCV  
  15  0:42  Refinery  
  15  0:51  Barracks  
  15  0:57  SCV  
  15  0:58  Supply Depot  
  16  1:09  SCV  
  17  1:21  SCV  
  18  1:31  Supply Depot  
  18  1:33  SCV  
  18  1:38  Reaper  
  20  1:47  Refinery, SCV  
  22  2:01  Orbital Command  
  21  2:16  Barracks Reactor  
  21  2:26  Command Center  
  21  2:27  SCV  
  22  2:52  Marine x2  
  22  2:55  SCV  
  24  3:07  Factory, SCV  
  24  3:19  Marine x2  
  26  3:25  Barracks  
  26  3:31  Barracks  
  26  3:33  SCV  
  27  3:34  Barracks  
  27  3:45  SCV  
  28  3:49  Marine  
  28  3:50  Marine  
  28  3:52  Factory Tech Lab  
  30  3:57  Starport, SCV  
  31  4:06  SCV  
  32  4:10  Marine  
  32  4:11  Marine  
  32  4:14  Siege Tank  
  37  4:22  SCV  
  38  4:29  SCV  
  38  4:31  Marine x2  
  40  4:34  Barracks Tech Lab x2, SCV, Barracks Reactor  
  42  4:39  Starport Reactor  
  42  4:41  SCV  
  43  4:46  SCV  
  43  4:49  Marine  
  43  4:52  Engineering Bay  
  45  4:56  Supply Depot, SCV  
  46  5:05  Stimpack  
  46  5:06  Combat Shields  
  46  5:17  Medivac x2  
  46  5:19  SCV x2  
  52  5:25  Missile Turret  
  52  5:29  Missile Turret  
  52  5:30  Marine  
  52  5:31  Marine x3  
  52  5:33  Marine  
  57  5:38  Siege Tank  
  59  5:59  Marine x3  
  62  6:06  Terran Infantry Weapons Level 1  
  62  6:08  Marine x2  
  53  6:40  Marine  
  53  6:41  Marine x5  
  53  6:46  SCV x2  
  61  6:58  SCV  
  62  7:42  Marine, SCV  
  62  7:46  Marine x2  
  62  7:54  Marine x2  
  62  7:55  SCV  
  62  7:59  SCV  
  40  8:52  Supply Depot  
  40  8:57  Supply Depot  
  40  8:58  Command Center  
  40  8:59  Supply Depot x2  
  40  9:13  Marine x6  
  40  9:15  Supply Depot  
  46  9:19  Siege Tank, Medivac x2  
  53  9:31  Marine x6  
  59  9:44  Refinery  
  59  9:48  Missile Turret  
  59  9:49  Marine x3  
  59  9:50  Marauder x2  
  59  9:51  Siege Tank  
  59  9:52  Medivac x2  
  73  9:56  Missile Turret  
  73  10:03  Missile Turret, SCV  
  74  10:09  Marine  
  74  10:11  Marauder  
  74  10:12  Marine  
  78  10:23  Refinery  
  72  10:44  Marine  
  72  10:45  Marine x4  
  77  10:51  SCV x2  
Tags
 
Composition
MMM BioMMM Bio
League
Gold
Matchup
TvT
Race
Terran
Add a new tag
Caveats
  • Supply blocks, unpowered buildings, or Contaminate may cause inaccurate times.
  • Supply counts are checked every 10 seconds.